MWL
WAUSAU TIMBERS @ APPLETON FOXES
06/16/1982
 
TOP OF THE 1ST
Wausau Timbers batting - Pitching for Appleton Foxes : RHP Mark Grant
Pitching: RHP Mark Grant
Batting: RHB John Nicolo 0-0: Ground out U3 (Groundball, 3, EV 84.4 MPH)
Batting: LHB Rodney Nealeigh 0-0: Ball
1-0: Ball
2-0: Foul Ball, location: 2F
2-1: Ball
3-1: Base on Balls
Batting: RHB Rich Renteria 0-0: Fielders Choice at 2nd, 5-4 (Groundball, 56S, EV 86.9 MPH)
Batting: SHB Herman Lewis 0-0: Called Strike
0-1: Ball
1-1: Foul Ball, location: 2F
1-2: Fly out, F7 (Flyball, 7S, EV 93.8 MPH)
Top of the 1st over - 0 runs, 0 hits, 0 errors, 1 left on base; Wausau 0 - Appleton 0
BOTTOM OF THE 1ST
Appleton Foxes batting - Pitching for Wausau Timbers : LHP Karl Steffen
Pitching: LHP Karl Steffen
Batting: LHB Mike Woodard 0-0: Called Strike
0-1: Foul Ball, location: 2F
0-2: Ball
1-2: Strikes out swinging
Batting: RHB George Hinshaw 0-0: Ground out 5-3 (Groundball, 56, EV 103.1 MPH)
Batting: RHB Randy Asadoor 0-0: Called Strike
0-1: Called Strike
0-2: Ball
1-2: Ball
2-2: Ball
3-2: Ground out 5-3 (Groundball, 56, EV 85.0 MPH)
Bottom of the 1st over - 0 runs, 0 hits, 0 errors, 0 left on base; Wausau 0 - Appleton 0
TOP OF THE 2ND
Wausau Timbers batting - Pitching for Appleton Foxes : RHP Mark Grant
Batting: LHB Ricky Seilheimer 0-0: Called Strike
0-1: Ball
1-1: Ground out 6-3 (Groundball, 6, EV 81.9 MPH)
Batting: LHB Jerry Morton 0-0: Ball
1-0: Called Strike
1-1: Ball
2-1: Ball
3-1: Swinging Strike
3-2: Strikes out swinging
Batting: RHB Bruce Chaney 0-0: Ball
1-0: Ball
2-0: Called Strike
2-1: Ball
3-1: Foul Ball, location: 2F
3-2: Foul Ball, location: 2F
3-2: Strikes out looking
Top of the 2nd over - 0 runs, 0 hits, 0 errors, 0 left on base; Wausau 0 - Appleton 0
BOTTOM OF THE 2ND
Appleton Foxes batting - Pitching for Wausau Timbers : LHP Karl Steffen
Batting: RHB Howard Lopes 0-0: Ball
1-0: Called Strike
1-1: Ground out 5-3 (Groundball, 56, EV 83.8 MPH)
Batting: RHB Douglas Lulay 0-0: Called Strike
0-1: Ball
1-1: Fly out, F7 (Flyball, 78XD, EV 98.8 MPH)
Batting: RHB Victor Mata 0-0: Reached on error, E5 (Groundball, 5, EV 87.5 MPH)
Batting: LHB John Csefalvay 0-0: Fly out, F7 (Flyball, 7, EV 81.3 MPH)
Bottom of the 2nd over - 0 runs, 0 hits, 1 error, 1 left on base; Wausau 0 - Appleton 0
TOP OF THE 3RD
Wausau Timbers batting - Pitching for Appleton Foxes : RHP Mark Grant
Batting: RHB Jeffrey Young 0-0: Called Strike
0-1: Ground out 3-1 (Groundball, 34, EV 101.9 MPH)
Batting: RHB John Pignotti 0-0: Foul Ball, location: 2F
0-1: Ball
1-1: Ball
2-1: SINGLE (Line Drive, 7LS, EV 105.6 MPH)
Batting: RHB John Nicolo 0-0: Ball
1-0: Fly out, F6 (Flyball, 56D, EV 93.8 MPH)
Batting: LHB Rodney Nealeigh 0-0: Ball
1-0: Ball
2-0: Called Strike
2-1: Foul Ball, location: 2F
2-2: Ball
3-2: Strikes out swinging
Top of the 3rd over - 0 runs, 1 hit, 0 errors, 1 left on base; Wausau 0 - Appleton 0
BOTTOM OF THE 3RD
Appleton Foxes batting - Pitching for Wausau Timbers : LHP Karl Steffen
Batting: RHB Mike Nipper 0-0: Ball
1-0: Ground out 5-3 (Groundball, 56S, EV 70.0 MPH)
Batting: RHB Philip Sutton 0-0: Ball
1-0: SINGLE (Line Drive, 8LS, EV 86.9 MPH)
Batting: LHB Mike Woodard 0-0: Foul Ball, location: 2F
0-1: Ball
Philip Sutton steals 2nd, throwing error, E2
Philip Sutton to third
1-1: Ball
2-1: SINGLE (Line Drive, 9S, EV 95.0 MPH)
Philip Sutton scores
Batting: RHB George Hinshaw 0-0: Ball
Mike Woodard steals 2nd base (no throw)
1-0: Ball
2-0: Swinging Strike
2-1: Ball
Mike Woodard steals 3rd base
3-1: Foul Ball, location: 2F
3-2: Strikes out swinging
Batting: RHB Randy Asadoor 0-0: Ground out 6-3 (Groundball, 56D, EV 101.9 MPH)
Bottom of the 3rd over - 1 run, 2 hits, 1 error, 1 left on base; Wausau 0 - Appleton 1
TOP OF THE 4TH
Wausau Timbers batting - Pitching for Appleton Foxes : RHP Mark Grant
Batting: RHB Rich Renteria 0-0: Ball
1-0: Ball
2-0: Called Strike
2-1: Ball
3-1: Foul Ball, location: 2F
3-2: Ground out 5-3 (Groundball, 5, EV 76.9 MPH)
Batting: SHB Herman Lewis 0-0: Ball
1-0: Foul Ball, location: 2F
1-1: Swinging Strike
1-2: Strikes out swinging
Batting: LHB Ricky Seilheimer 0-0: Called Strike
0-1: SINGLE (Groundball, 34D, EV 101.3 MPH)
Batting: LHB Jerry Morton 0-0: Ball
1-0: Ball
2-0: Ball
3-0: Called Strike
3-1: Foul Ball, location: 2F
3-2: Base on Balls
Ricky Seilheimer to second
Batting: RHB Bruce Chaney 0-0: Called Strike
0-1: Swinging Strike
0-2: Foul Ball, location: 2F
0-2: Foul Ball, location: 2F
0-2: Ball
1-2: SINGLE (Groundball, 6MD, EV 108.8 MPH) (infield hit)
Ricky Seilheimer to third
Jerry Morton to second
Batting: RHB Jeffrey Young 0-0: Called Strike
0-1: Called Strike
0-2: Ball
1-2: Foul Ball, location: 2F
1-2: Foul Ball, location: 2F
1-2: Strikes out swinging
Top of the 4th over - 0 runs, 2 hits, 0 errors, 3 left on base; Wausau 0 - Appleton 1
BOTTOM OF THE 4TH
Appleton Foxes batting - Pitching for Wausau Timbers : LHP Karl Steffen
Batting: RHB Howard Lopes 0-0: Called Strike
0-1: Foul Ball, location: 2F
0-2: Ball
1-2: Strikes out looking
Batting: RHB Douglas Lulay 0-0: Called Strike
0-1: Ball
1-1: Fly out, F9 (Flyball, 9LS, EV 73.8 MPH)
Batting: RHB Victor Mata 0-0: Called Strike
0-1: Ball
1-1: Ground out 4-3 (Groundball, 4, EV 103.8 MPH)
Bottom of the 4th over - 0 runs, 0 hits, 0 errors, 0 left on base; Wausau 0 - Appleton 1
TOP OF THE 5TH
Wausau Timbers batting - Pitching for Appleton Foxes : RHP Mark Grant
Batting: RHB John Pignotti 0-0: Called Strike
0-1: Swinging Strike
0-2: Ball
1-2: Reached on error, E6 (Groundball, 56, EV 101.3 MPH)
Batting: RHB John Nicolo 0-0: Ball
1-0: Ball
2-0: Ground out 6-3 (Groundball, 6M, EV 95.0 MPH)
John Pignotti to third
Batting: LHB Rodney Nealeigh 0-0: Swinging Strike
0-1: Called Strike
0-2: Strikes out swinging
Batting: RHB Rich Renteria 0-0: Fly out, F9 (Flyball, 9, EV 96.3 MPH)
Top of the 5th over - 0 runs, 0 hits, 1 error, 1 left on base; Wausau 0 - Appleton 1
BOTTOM OF THE 5TH
Appleton Foxes batting - Pitching for Wausau Timbers : LHP Karl Steffen
Batting: LHB John Csefalvay 0-0: Foul Ball, location: 2F
0-1: Called Strike
0-2: Ball
1-2: Ball
2-2: Foul Ball, location: 2F
2-2: Foul Ball, location: 2F
2-2: Ground out U3 (Groundball, 3, EV 84.4 MPH)
Batting: RHB Mike Nipper 0-0: Foul Ball, location: 2F
0-1: Foul Ball, location: 2F
0-2: Ball
1-2: Foul Ball, location: 2F
1-2: Strikes out looking
Batting: RHB Philip Sutton 0-0: Foul Ball, location: 2F
0-1: Ball
1-1: Called Strike
1-2: Ball
2-2: Ball
3-2: Ground out 4-3 (Groundball, 4MS, EV 81.9 MPH)
Bottom of the 5th over - 0 runs, 0 hits, 0 errors, 0 left on base; Wausau 0 - Appleton 1
TOP OF THE 6TH
Wausau Timbers batting - Pitching for Appleton Foxes : RHP Mark Grant
Batting: SHB Herman Lewis 0-0: Called Strike
0-1: Swinging Strike
0-2: Ball
1-2: Foul Ball, location: 2F
1-2: Strikes out swinging
Batting: LHB Ricky Seilheimer 0-0: Ball
1-0: Ball
2-0: Ground out U3 (Groundball, 3S, EV 68.1 MPH)
Batting: LHB Jerry Morton 0-0: Ball
1-0: Called Strike
1-1: Called Strike
1-2: Foul Ball, location: 2F
1-2: Ball
2-2: Ball
3-2: Base on Balls
Batting: RHB Bruce Chaney 0-0: Called Strike
Jerry Morton steals 2nd base
0-1: Ball
1-1: Ground out 6-3 (Groundball, 56, EV 84.4 MPH)
Top of the 6th over - 0 runs, 0 hits, 0 errors, 1 left on base; Wausau 0 - Appleton 1
BOTTOM OF THE 6TH
Appleton Foxes batting - Pitching for Wausau Timbers : LHP Karl Steffen
Batting: LHB Mike Woodard 0-0: Called Strike
0-1: Swinging Strike
0-2: Foul Ball, location: 2F
0-2: Reached on error, E6 (Groundball, 6, EV 79.4 MPH)
Batting: RHB George Hinshaw 0-0: Ball
1-0: Ball
2-0: Swinging Strike
Passed Ball!
Mike Woodard to second
2-1: SINGLE (Line Drive, 7LS, EV 90.0 MPH)
Mike Woodard to third
Runner from 3rd tries for Home, SAFE, throw by LF to home
Batting: RHB Randy Asadoor 0-0: Ball
1-0: Ball
2-0: Ball
George Hinshaw is caught stealing 2nd base 2-4
3-0: Foul Ball, location: 2F
3-1: Foul Ball, location: 2F
3-2: SINGLE (Groundball, 5S, EV 67.5 MPH) (infield hit)
Batting: RHB Howard Lopes 0-0: Ball
1-0: Ball
2-0: Ball
Randy Asadoor steals 2nd, throwing error, E2
Randy Asadoor to third
3-0: Called Strike
3-1: Called Strike
3-2: Ground out 5-3 (Groundball, 56S, EV 61.9 MPH)
Batting: RHB Douglas Lulay 0-0: Foul Ball, location: 2F
0-1: Called Strike
0-2: Foul Ball, location: 2F
0-2: Ball
1-2: Foul Ball, location: 2F
1-2: SINGLE (Groundball, 4D, EV 99.4 MPH)
Randy Asadoor scores
Batting: RHB Victor Mata 0-0: Foul Ball, location: 2F
0-1: Ball
1-1: Called Strike
1-2: Fly out, F8 (Flyball, 78D, EV 93.8 MPH)
Bottom of the 6th over - 2 runs, 3 hits, 2 errors, 1 left on base; Wausau 0 - Appleton 3
TOP OF THE 7TH
Wausau Timbers batting - Pitching for Appleton Foxes : RHP Mark Grant
Pitching: RHP Glen Johnson
Batting: RHB Jeffrey Young 0-0: Ball
1-0: Swinging Strike
1-1: Swinging Strike
1-2: Foul Ball, location: 2F
1-2: Ground out 1-3 (Groundball, 15S, EV 68.1 MPH)
Batting: RHB John Pignotti 0-0: Called Strike
0-1: Foul Ball, location: 2F
0-2: Ball
1-2: Foul Ball, location: 2F
1-2: Ball
2-2: Ball
3-2: Ground out 6-3 (Groundball, 6, EV 86.3 MPH)
Batting: RHB John Nicolo 0-0: Ball
1-0: Ground out 3-1 (Groundball, 34S, EV 90.6 MPH)
Top of the 7th over - 0 runs, 0 hits, 0 errors, 0 left on base; Wausau 0 - Appleton 3
BOTTOM OF THE 7TH
Appleton Foxes batting - Pitching for Wausau Timbers : LHP Karl Steffen
Batting: LHB John Csefalvay 0-0: Called Strike
0-1: Ball
1-1: Foul Ball, location: 2F
1-2: Fly out, F5 (Line Drive, 5, EV 54.4 MPH)
Batting: RHB Mike Nipper 0-0: Ball
1-0: Called Strike
1-1: Ball
2-1: Reached on error, E6 (Groundball, 6, EV 85.0 MPH)
Batting: RHB Philip Sutton 0-0: Fly out, F8 (Flyball, 8RD, EV 89.4 MPH)
Batting: LHB Mike Woodard 0-0: Ball
1-0: Ground out 1-3 (Groundball, 13S, EV 63.8 MPH)
Bottom of the 7th over - 0 runs, 0 hits, 1 error, 1 left on base; Wausau 0 - Appleton 3
TOP OF THE 8TH
Wausau Timbers batting - Pitching for Appleton Foxes : RHP Glen Johnson
Batting: LHB Rodney Nealeigh 0-0: Ball
1-0: Ball
2-0: Called Strike
2-1: Foul Ball, location: 2F
2-2: Ball
3-2: Base on Balls
Batting: RHB Rich Renteria 0-0: Ball
1-0: Fly out, F8 (Flyball, 8RD, EV 100.0 MPH)
Batting: SHB Herman Lewis 0-0: Ball
1-0: Fly out, F4 (Line Drive, 4M, EV 83.8 MPH)
Batting: LHB Ricky Seilheimer 0-0: Ball
1-0: Swinging Strike
1-1: Ball
2-1: Ball
3-1: Base on Balls
Rodney Nealeigh to second
Batting: LHB Jerry Morton 0-0: Swinging Strike
0-1: Called Strike
0-2: Ball
1-2: Ball
2-2: Ground out 4-3 (Groundball, 4, EV 77.5 MPH)
Top of the 8th over - 0 runs, 0 hits, 0 errors, 2 left on base; Wausau 0 - Appleton 3
BOTTOM OF THE 8TH
Appleton Foxes batting - Pitching for Wausau Timbers : LHP Karl Steffen
Batting: RHB George Hinshaw 0-0: Ball
1-0: Fly out, F8 (Flyball, 89XD, EV 100.0 MPH)
Batting: RHB Randy Asadoor 0-0: Ball
1-0: Ground out 6-3 (Groundball, 6, EV 86.9 MPH)
Batting: RHB Howard Lopes 0-0: Ball
1-0: Ball
2-0: Ball
3-0: Foul Ball, location: 2F
3-1: Swinging Strike
3-2: Base on Balls
Pitching: RHP Jean Marquis
Batting: RHB Douglas Lulay 0-0: Ball
1-0: Ball
2-0: Called Strike
2-1: Fielders Choice at 2nd, 5-4 (Groundball, 56, EV 102.5 MPH)
Bottom of the 8th over - 0 runs, 0 hits, 0 errors, 1 left on base; Wausau 0 - Appleton 3
TOP OF THE 9TH
Wausau Timbers batting - Pitching for Appleton Foxes : RHP Glen Johnson
Batting: RHB Bruce Chaney 0-0: Fly out, F8 (Flyball, 89S, EV 90.6 MPH)
Batting: RHB Jeffrey Young 0-0: Swinging Strike
0-1: Fly out, F9 (Flyball, 89M, EV 91.3 MPH)
Batting: RHB John Pignotti 0-0: Ball
1-0: Fly out, F7 (Line Drive, 7, EV 92.5 MPH)
Top of the 9th over - 0 runs, 0 hits, 0 errors, 0 left on base; Wausau 0 - Appleton 3
Friday, August 7th, 2020 - OOTP Baseball 21.5 Build 76